 Dungeon Crawl Stone Soup version 0.24-a0-536-gdd4cf15266 (webtiles) character file.

Game seed: 10541871990425242291

42 Delarado the Changer (level 3, -1/23 HPs)
             Began as an Octopode Transmuter on Aug 11, 2019.
             Slain by an iguana (5 damage)
             ... on level 2 of the Dungeon.
             The game lasted 00:03:21 (865 turns).

Delarado the Changer (Octopode Transmuter)           Turns: 865, Time: 00:03:22

Health: -1/23      AC:  1    Str:  9    XL:     3   Next: 54%
Magic:  6/6        EV: 13    Int: 16    God:
Gold:   66         SH:  0    Dex: 12    Spells: 0/6 levels left

rFire    . . .     SeeInvis .     - Unarmed
rCold    . . .     Gourm    .   (no shield)
rNeg     . . .     Faith    .   (helmet restricted)
rPois    .         Spirit   .   (no amulet)
rElec    .         Reflect  .   (no ring)
rCorr    .         Harm     .   (no ring)
MR       .....                  (no ring)
Stlth    ++........             (no ring)
HPRegen  0.07/turn              (no ring)
MPRegen  0.10/turn              (no ring)
                                (no ring)
                                (no ring)

@: appendage (expiring)
A: almost no armour, stealthy swim, amphibious, 8 rings, constrict 8, tentacle
spike 3, camouflage 1, gelatinous body 1
a: End Transformation


You were on level 2 of the Dungeon.
You were not hungry.
One of your tentacles had a temporary spike.
You visited 1 branch of the dungeon, and saw 2 of its levels.

You collected 66 gold pieces.

Inventory:

Missiles
 a - 12 arrows
 b - 81 stones (quivered)
 i - 2 throwing nets
Scrolls
 d - a scroll of enchant weapon {unknown}
 e - a scroll of random uselessness {unknown}
 h - a scroll of magic mapping {unknown}
 k - a scroll of teleportation {unknown}
 l - a scroll of amnesia {unknown}
Potions
 g - a potion of flight {unknown}
 j - a potion of agility {unknown}
Comestibles
 c - 4 rations
 f - a chunk of flesh


   Skills:
 - Level 1.0 Fighting
 - Level 2.0 Dodging
 - Level 3.0 Unarmed Combat
 - Level 2.0 Spellcasting
 + Level 3.6 Transmutations
 * Level 1.1 Poison Magic


You couldn't memorise any spells.
You knew the following spells:

 Your Spells              Type           Power        Failure   Level  Hunger
a - Beastly Appendage     Tmut           ##....       4%          1    #......
b - Sticks to Snakes      Tmut           ##......     7%          2    ###....
c - Spider Form           Tmut/Pois      #.........   24%         3    ###....

Your spell library contained the following spells:

 Spells                   Type           Power        Failure   Level  Hunger
 Ice Form                 Ice/Tmut       #.......     69%         4    #####..
 Blade Hands              Tmut           ##........   78%         5    ######.


Dungeon Overview and Level Annotations

Branches:
Dungeon (2/15)

Altars:


Innate Abilities, Weirdness & Mutations

You cannot wear most types of armour.
You are very stealthy in the water. (Stealth+)
You are amphibious.
You can wear up to eight rings at the same time.
You can use your tentacles to constrict eight enemies at once.
Your skin changes colour to match your surroundings (Stealth+).
Your rubbery body absorbs attacks. (AC +1, EV +1)
One of your tentacles bears a large vicious spike.


Message History

Okay, then.
You tentacle-slap the iguana.
You pierce the iguana, but do no damage.
The iguana is lightly wounded.
You constrict the iguana. The iguana bites you.
* * * LOW HITPOINT WARNING * * *
You tentacle-slap the iguana but do no damage.
You pierce the iguana, but do no damage.
The iguana is lightly wounded.
You constrict the iguana. The iguana closely misses you.
You tentacle-slap the iguana.
You pierce the iguana.
The iguana is heavily wounded.
Your transformation is almost over.
You constrict the iguana, but do no damage.
The iguana closely misses you.
You tentacle-slap the iguana but do no damage.
You pierce the iguana, but do no damage.
The iguana is heavily wounded.
You constrict the iguana. The iguana bites you.
You die...

# #. ### ##.#...##
#...###.###
#.#.......#####
..########.......#....<#
....((..####.....#.....#
#gl@.............#
(......s##.....#.#.....#
....#######...##.#.....#
.. #........#####
#......### #...#####
#.#... #.##.##. #. #..
.#


You could see an iguana, a giant cockroach and a hobgoblin.

Vanquished Creatures
  An adder (D:2)
  An ooze (D:1)
  A dart slug (D:1)
  A leopard gecko (D:1)
  A ball python (D:1)
  2 giant cockroaches
  A goblin (D:2)
  3 hobgoblins (D:1)
  3 kobolds (D:1)
  7 bats
  3 frilled lizards (D:1)
  A rat (D:1)
25 creatures vanquished.

Notes
Turn   | Place    | Note
-------+----------+-------------------------------------------
     0 | D:1      | Delarado the Octopode Transmuter began the quest for the
                  | Orb.
     0 | D:1      | Reached XP level 1. HP: 13/13 MP: 3/3
    65 | D:1      | Reached XP level 2. HP: 3/18 MP: 5/5
   560 | D:1      | Reached XP level 3. HP: 19/23 MP: 4/6
   806 | D:1      | Learned a level 2 spell: Sticks to Snakes
   810 | D:1      | Learned a level 3 spell: Spider Form
   859 | D:2      | Reached skill level 1 in Poison Magic
   865 | D:2      | Slain by an iguana

Levels and vault maps discovered:
D:1:      psy_arrival_whirlpool, layout_rooms
D:2:      layout_loops_cross, first_ration

Skill      XL: |  1  2  3 |
---------------+----------+-----
Transmutations | 3 |  3.6
Poison Magic   | 1 |  1.1
Fighting       | |  1.0
Dodging        | |  2.0
Unarmed Combat | |  3.0
Spellcasting   | |  2.0

Action                   || total
-------------------------++-------
Melee: Unarmed           ||    67
       Kick              ||    18
       Constrict         ||    12
       Tentacles         ||     6
       Punch             ||     1
Throw: Stone             ||     4
 Cast: Beastly Appendage ||    12
 Stab: Sleeping          ||     2
Armor: Skin              ||     6
Dodge: Dodged            ||    54

Table legend:
 A = Non-vault XP
 B = Vault XP
 C = Vault XP percentage of total XP
 D = Non-vault monster count
 E = Vault monster count
 F = Vault count percentage of total count
                 A         B        C        D         E       F
            +---------+---------+-------+---------+---------+-------
      Total |      60 |       0 |   0.0 |      25 |       0 |   0.0
            +---------+---------+-------+---------+---------+-------
        D:1 |      40 |       0 |   0.0 |      21 |       0 |   0.0
        D:2 |      20 |       0 |   0.0 |       4 |       0 |   0.0
            +---------+---------+-------+---------+---------+-------
